 Dungeon Crawl Stone Soup version 0.26.0-57-g60708a5e39 (webtiles) character file.

Game seed: 693449562419557682

575 Gadfly the Cudgeller (level 7, -1/65 (67) HPs)
             Began as an Ogre Gladiator on Feb 2, 2021.
             Was an Initiate of Okawaru.
             Killed from afar by a white imp (8 damage)
             ... with a puff of frost
             ... on level 5 of the Dungeon.
             The game lasted 00:06:54 (6443 turns).

Gadfly the Cudgeller (Ogre Gladiator)               Turns: 6443, Time: 00:06:55

HP:   -1/65 (67)    AC:  5    Str: 21    XL:     7   Next: 35%
MP:   9/9           EV: 10    Int:  9    God:    Okawaru [......]
Gold: 273           SH:  0    Dex: 10    Spells: 6/6 levels left

rFire    + . .     SeeInvis .   a - +0 morningstar
rCold    . . .     Faith    .   (no shield)
rNeg     . . .     Spirit   .   e - +1 robe {rF+}
rPois    .         Reflect  .   c - +1 hat
rElec    .         Harm     .   (no cloak)
rCorr    .         Rampage  .   (gloves unavailable)
Will     .....                  (boots unavailable)
Stlth    +.........             n - amulet of inaccuracy (curse)
HPRegen  0.20/turn              (no ring)
MPRegen  0.11/turn              (no ring)

@: lightly drained
A: large, unfitting armour, tough skin 1
a: Renounce Religion


You were on level 5 of the Dungeon.
You worshipped Okawaru.
Okawaru was noncommittal.
You visited 2 branches of the dungeon, and saw 6 of its levels.

You collected 273 gold pieces.

Inventory:

Hand Weapons
 a - a +0 morningstar (weapon)
 b - a +1 dagger of venom
 l - a +0 giant club
 r - a +0 flail
 t - a +0 dire flail
Missiles
 d - 4 throwing nets
 i - 8 silver javelins
 j - 172 stones (quivered)
 q - 4 boomerangs
Armour
 c - a +1 hat (worn)
 e - a +1 robe of fire resistance (worn)
Jewellery
 g - an uncursed ring of fire
 k - an uncursed amulet of reflection
 n - a cursed amulet of inaccuracy (around neck)
Wands
 s - a wand of random effects (30)
Scrolls
 h - 9 scrolls of teleportation
 m - a scroll of fog
 u - a scroll of identify
 v - a scroll of remove curse
Potions
 f - 3 potions of flight
 o - 3 potions of brilliance {unknown}
 p - 2 potions of attraction


   Skills:
 + Level 3.1 Fighting
 * Level 3.7 Maces & Flails
 * Level 3.4 Throwing
 * Level 2.7 Armour
 - Level 2.6 Dodging
 + Level 3.4 Invocations
 * Level 2.9 Evocations


You had 6 spell levels left.
You didn't know any spells.
Your spell library contained the following spells:

 Spells                   Type           Power        Failure   Level
 Shock                    Conj/Air       0%           38%         1
 Swiftness                Air            0%           52%         2
 Static Discharge         Conj/Air       0%           77%         3
 Airstrike                Air            0%           99%         4
 Lightning Bolt           Conj/Air       0%           100%        5


Dungeon Overview and Level Annotations

Branches:
Dungeon (5/15)             Temple (1/1) D:4

Altars:
Ashenzari
Cheibriados
Elyvilon
Fedhas
Gozag
Hepliaklqana
Makhleb
Nemelex Xobeh
Okawaru
Qazlal
Ru
Trog
Uskayaw
Vehumet
Wu Jian
Xom
Yredelemnul
Zin
The Shining One
Beogh
Jiyva

Annotations:
D:3 3 runed translucent doors, casanoah's ghost, amateur TeAE
D:5 Eustachio


Innate Abilities, Weirdness & Mutations

You are too large for most types of armour.
You have tough skin. (AC +1)


Message History

The white imp is almost dead.
The white imp hits you but does no damage.
The white imp closely misses you.
You closely miss the white imp.
The white imp is almost dead.
The white imp hits you.
* * * LOW HITPOINT WARNING * * *
The white imp freezes you.
* * * LOW HITPOINT WARNING * * *
You miss the white imp.
The white imp is almost dead.
The white imp shouts, "Out, out, thou mangled knotty-pated bounder!"
The white imp closely misses you.
A white imp comes into view.
You closely miss the white imp.
The white imp is almost dead.
The white imp hits you but does no damage.
The white imp gestures at you. The puff of frost hits you!
You die...

####### #.....#
#.....# . #.....#
... #.....#
#....#######.....#
...5..5@.........#
#..#########.....#
#.....# #.....#
###.### #.# #.#
#.# #.#


You could see 2 white imps.

Vanquished Creatures
  An ogre (D:4)
  Blork the orc (D:4)
  A scorpion (D:4)
  A wight (D:4)
  A hound (D:4)
  An orc priest (D:4)
  2 orc wizards (D:4)
  Jessica (D:3)
  A worker ant (D:4)
  A gnoll (D:1)
  6 adders
  An ooze (D:1)
  3 worms
  5 dart slugs
  A leopard gecko (D:5)
  8 orcs (D:4)
  6 giant cockroaches
  2 gnoll zombies (D:3)
  6 goblins
  7 hobgoblins
  7 jackals
  6 kobolds
  2 quokkas (D:2)
  A ball python (D:2)
  5 bats
  6 frilled lizards
  9 rats
92 creatures vanquished.

Vanquished Creatures (others)
  3 plants (D:2)
3 creatures vanquished.

Grand Total: 95 creatures vanquished

Notes
Turn   | Place    | Note
-------+----------+-------------------------------------------
     0 | D:1      | Gadfly the Ogre Gladiator began the quest for the Orb.
     0 | D:1      | Reached XP level 1. HP: 22/22 MP: 1/1
    55 | D:1      | Reached XP level 2. HP: 4/29 MP: 2/2
   409 | D:1      | Reached skill level 1 in Invocations
   691 | D:1      | Reached XP level 3. HP: 36/36 MP: 3/3
   756 | D:1      | Reached skill level 1 in Evocations
  1101 | D:1      | Reached skill level 1 in Armour
  1307 | D:2      | Found a stormy altar of Qazlal.
  1892 | D:2      | Reached XP level 4. HP: 44/44 MP: 5/5
  2499 | D:2      | Found a blossoming altar of Fedhas.
  2526 | D:2      | Found a glowing golden altar of the Shining One.
  2761 | D:2      | Became a worshipper of the Shining One
  2785 | D:3      | Found a sparkling altar of Nemelex Xobeh.
  2794 | D:3      | Found a glowing silver altar of Zin.
  2900 | D:3      | Noticed Jessica
  2906 | D:3      | Killed Jessica
  2907 | D:3      | Reached XP level 5. HP: 35/50 MP: 6/6
  3462 | D:3      | Noticed casanoah's ghost (amateur TeAE)
  3463 | D:3      | Identified the +2 leather armour of the Nine Youths {rC+
                  | Will+ Int+4}
  3464 | D:3      | Found a runed translucent gate.
  3464 | D:3      | Found a runed translucent gate.
  3464 | D:3      | Found a runed translucent gate.
  3472 | D:3      | Found a roughly hewn altar of Beogh.
  3548 | D:3      | Found a basalt altar of Yredelemnul.
  3845 | D:4      | Found an opulent altar of Gozag.
  3868 | D:4      | Noticed an ogre
  3884 | D:4      | Killed an ogre
  3885 | D:4      | Reached XP level 6. HP: 13/59 MP: 6/8
  4188 | D:4      | Found a snail-covered altar of Cheibriados.
  4566 | D:4      | Found a staircase to the Ecumenical Temple.
  4584 | Temple   | Entered the Ecumenical Temple
  4689 | Temple   | Fell from the grace of the Shining One
  4689 | Temple   | Became a worshipper of Warmaster Okawaru
  5013 | D:4      | HP: 2/59 [poisoned by an orc wizard]
  5019 | D:4      | HP: 2/59 [poisoned by an orc wizard]
  5027 | D:4      | HP: 1/59 [poisoned by an orc wizard]
  5813 | D:4      | Reached XP level 7. HP: 59/66 MP: 9/9
  5910 | D:4      | Noticed Blork the orc
  5928 | D:4      | Killed Blork the orc
  6075 | D:5      | Entered Level 5 of the Dungeon
  6257 | D:5      | Noticed Eustachio
  6443 | D:5      | Killed from afar by a white imp

Illustrated notes

Levels and vault maps discovered:
D:1:      zaba_arrival_water, layout_loops_ring, minivault_26,
          hangedman_abyss_or_decor_stabs
D:2:      cheibrodos_old_hovel, layout_basic, old_standard_altar,
          overflow_temple_1_default, grunt_qazlal_clouds
D:3:      layout_loops_ring, lemuel_zombie_altar_yredelemnul,
          amethyst_overflow_temple_binary, biasface_ghost_orc_armoury,
          serial_rivers, chequers_serial_rivers_small_b,
          chequers_serial_rivers_small_3, chequers_serial_rivers_marsh,
          chequers_serial_rivers_small_a, uniq_jessica
D:4:      layout_basic, nicolae_overflow_crystal_walls, grunt_gozag_statues,
          temple_green, minmay_surrounded, uniq_blork_the_orc
D:5:      layout_rooms, gup_sewer_entry_bowl, uniq_eustachio, uniq_edmund
Temple:   pf_slimified_temple

Skill      XL: |  1  2  3  4  5  6  7 |
---------------+----------------------+-----
Invocations    | 1 2 3 |  3.4
Evocations     | 1 2 |  2.9
Armour         | 1 2 |  2.7
Maces & Flails | 3 |  3.7
Throwing       | 3 |  3.4
Fighting       | 3 |  3.1
Dodging        | |  2.6

Action                   |  1- 3 |  4- 6 |  7- 9 || total
-------------------------+-------+-------+-------++-------
Melee: Flail             |   104 |   138 |       ||   242
       Dagger            |       |    33 |    35 ||    68
       Morningstar       |       |       |    56 ||    56
Throw: Stone             |     2 |     4 |       ||     6
  Use: Scroll            |     4 |     5 |       ||     9
       Potion            |       |     4 |       ||     4
 Stab: Sleeping          |     1 |       |       ||     1
Armor: Robe              |    40 |    61 |    27 ||   128
Dodge: Dodged            |    63 |    77 |    47 ||   187
Block: Other             |       |    25 |       ||    25
